Map: Acropolis LE

Players

Mez - Winner!

  • Race: Terran Terran
  • League: Master
  • Spawn Location: 11:00

esow

  • Race: Terran Terran
  • League: Master
  • Spawn Location: 5:00

VOD

Have the link to the VOD?

Description

Time

  • Played on: Aug. 22, 2019, 10:46 a.m.
  • Length: 16:32
Show
View Real Time Build Order
Export as new Build Order

Mez Terran - Winner!

Build Orders: Cyclone Opening 

Get SALT Encoding   

  12  0:00  SCV  
  13  0:13  SCV  
  14  0:17  Supply Depot  
  14  0:25  SCV  
  15  0:31  Refinery  
  15  0:38  SCV  
  16  0:44  Barracks  
  16  0:50  SCV  
  17  0:57  Refinery  
  17  1:02  SCV  
  18  1:15  SCV  
  19  1:32  Orbital Command, Reaper  
  20  1:36  Factory  
  20  1:53  Supply Depot  
  20  1:58  SCV  
  21  2:04  Reaper  
  22  2:16  SCV  
  22  2:21  Factory Tech Lab  
  23  2:27  Command Center  
  23  2:30  SCV  
  24  2:38  Barracks Reactor  
  24  2:42  Cyclone  
  27  2:49  SCV  
  28  2:52  Starport  
  28  2:55  Supply Depot  
  28  3:02  SCV  
  29  3:15  SCV  
  30  3:22  Marine  
  30  3:23  Marine, Factory Tech Lab  
  32  3:30  SCV  
  33  3:35  Raven, Refinery  
  33  3:40  Orbital Command  
  35  3:42  SCV  
  35  3:45  Supply Depot  
  35  3:46  Marine x2  
  38  3:54  SCV  
  39  3:56  Siege Tank  
  42  4:03  Marine  
  42  4:06  SCV  
  42  4:09  SCV  
  45  4:18  SCV  
  45  4:21  SCV  
  45  4:22  Supply Depot  
  47  4:24  Marine x2  
  47  4:30  SCV  
  47  4:31  Raven  
  52  4:33  SCV  
  53  4:42  Marine  
  53  4:43  Marine, SCV  
  56  4:45  SCV  
  56  4:47  Supply Depot  
  56  4:51  Siege Tank  
  60  4:55  SCV  
  60  4:57  SCV  
  62  5:02  Marine x2  
  64  5:07  SCV  
  64  5:10  SCV  
  64  5:12  Supply Depot  
  66  5:19  Command Center, SCV  
  67  5:29  SCV  
  67  5:30  Viking x2  
  72  5:39  Marine  
  72  5:40  Stimpack  
  72  5:42  SCV x2  
  75  5:43  Barracks  
  75  5:44  Barracks  
  75  5:54  SCV x2  
  73  6:01  Viking x2  
  77  6:04  Marine  
  77  6:05  Siege Tank  
  77  6:06  SCV  
  77  6:11  Supply Depot  
  82  6:13  Supply Depot  
  82  6:19  SCV x2  
  82  6:22  Marine  
  82  6:23  Refinery  
  82  6:24  Engineering Bay  
  85  6:26  Engineering Bay  
  85  6:32  Viking x2  
  89  6:33  Barracks Reactor x2  
  89  6:35  SCV  
  90  6:51  SCV x2  
  92  6:57  Supply Depot  
  92  6:59  Terran Infantry Armor Level 1, Supply Depot, Terran Infantry Weapons Level 1  
  92  7:00  Marine  
  93  7:05  Barracks x2  
  93  7:06  SCV x2  
  95  7:12  Siege Tank  
  98  7:29  Marine, Medivac x2  
  102  7:30  Marine x4  
  102  7:32  Orbital Command  
  102  7:35  SCV x2, Refinery  
  109  7:38  Supply Depot  
  109  7:47  Marine, Siege Tank, SCV  
  109  7:48  Marine  
  115  7:52  SCV, Factory  
  115  7:57  Refinery  
  112  7:59  SCV  
  112  8:04  SCV  
  109  8:09  SCV  
  109  8:10  Marine x3, Barracks Reactor  
  109  8:11  Marine x2, SCV, Barracks Reactor  
  116  8:16  SCV, Combat Shield  
  116  8:18  Medivac x2  
  121  8:23  SCV x2  
  123  8:28  Marine, Supply Depot x2  
  123  8:30  Supply Depot  
  124  8:39  Marine  
  124  8:40  Marine x3  
  118  8:45  Marine  
  118  8:46  Siege Tank  
  113  8:51  Armory  
  113  8:52  Factory Tech Lab  
  113  8:54  Marine x4  
  117  8:57  Marine  
  117  8:58  Marine  
  117  9:01  Command Center  
  117  9:02  Medivac  
  121  9:03  Medivac  
  121  9:08  SCV x2  
  125  9:13  Siege Tank  
  126  9:38  Marine x7  
  125  9:39  Marine x2  
  125  9:40  Siege Tank  
  133  9:50  Siege Tank  
  136  9:56  Marine x5  
  141  10:03  Barracks  
  141  10:04  Barracks x2  
  126  10:11  Marine  
  126  10:12  Marine x3  
  126  10:13  Siege Tank  
  126  10:14  Marine x5  
  121  10:22  Viking x2  
  121  10:25  Command Center  
  121  10:27  Siege Tank  
  127  10:33  Marine  
  127  10:34  Marine x6  
  134  10:46  Planetary Fortress  
  134  10:48  SCV x3  
  137  10:51  Terran Infantry Armor Level 2, Terran Infantry Weapons Level 2  
  137  10:52  Medivac  
  135  11:10  Marine x6  
  140  11:20  Barracks Reactor x2  
  140  11:21  Barracks Reactor  
  140  11:22  SCV x2  
  140  11:33  Marine x9  
  140  11:35  SCV x2  
  140  11:37  Siege Tank x2, Viking x2  
  140  11:38  Refinery x2  
  161  11:54  Starport  
  161  11:56  Starport  
  161  11:57  Fusion Core  
  161  11:58  Starport  
  161  11:59  Marine  
  161  12:00  Marine x4  
  166  12:02  SCV  
  166  12:03  SCV  
  168  12:19  Missile Turret  
  168  12:20  Missile Turret  
  168  12:21  Missile Turret  
  168  12:22  Missile Turret  
  168  12:23  Missile Turret  
  168  12:28  Marine x8  
  176  12:34  Marine  
  176  12:35  Marine x3  
  180  12:43  Planetary Fortress  
  180  12:46  Starport Reactor x2  
  180  12:48  Starport Tech Lab  
  180  12:50  Refinery  
  180  12:54  Refinery  
  176  13:17  Liberator  
  176  13:19  Liberator  
  162  13:31  Marine x5  
  162  13:32  Siege Tank x2  
  162  13:33  Viking x5  
  189  13:50  SCV x4  
  189  13:53  Advanced Ballistics  
  193  13:55  Liberator  
  193  14:02  SCV  
  191  14:06  SCV x3  
  189  14:14  SCV  
  193  14:18  SCV x2  
  195  14:37  Liberator x2  
  195  14:38  Liberator x2  
  195  14:44  SCV x2  
  195  14:46  Refinery  
  195  14:53  Liberator x3, SCV x2  
  195  14:54  Siege Tank  
  195  14:55  Siege Tank  
  195  14:56  SCV x2  
  146  15:09  Marine x6  
  146  15:10  Marine x7  
  146  15:14  Marine x2  
  144  15:26  Siege Tank  
  144  15:27  Marine x11, Siege Tank  
  156  15:37  Command Center  
  147  15:43  Marine  
  147  15:44  Marine x3  
  147  15:45  Marine x3  
  154  15:52  Command Center  
  154  15:53  Missile Turret  
  154  15:54  Missile Turret  
  154  16:06  Marine  
Show
View Real Time Build Order
Export as new Build Order

esow Terran 

Build Orders:  

Get SALT Encoding   

  12  0:00  SCV  
  13  0:12  SCV  
  14  0:17  Supply Depot  
  14  0:24  SCV  
  14  0:28  Refinery  
  15  0:38  SCV  
  16  0:45  Barracks  
  16  0:50  SCV  
  17  1:03  SCV  
  18  1:17  SCV  
  19  1:32  Orbital Command, Reaper  
  20  1:48  Command Center  
  20  1:59  SCV  
  21  2:01  Factory  
  21  2:05  Marine  
  22  2:10  Supply Depot  
  22  2:15  SCV  
  22  2:24  Bunker  
  22  2:25  Marine  
  23  2:32  SCV  
  24  2:42  Refinery  
  25  2:44  SCV  
  25  2:45  Factory Tech Lab  
  25  2:46  Marine  
  26  2:56  SCV  
  27  3:05  Cyclone  
  30  3:07  Marine, Orbital Command  
  30  3:08  SCV  
  32  3:20  SCV  
  32  3:22  Starport  
  32  3:25  Marine  
  34  3:34  SCV  
  35  3:35  SCV  
  39  3:41  Siege Tank  
  39  3:46  SCV  
  40  3:54  Marine  
  38  3:57  SCV  
  38  4:00  Viking  
  41  4:10  SCV x2  
  41  4:13  Siege Tank  
  41  4:16  Supply Depot  
  46  4:37  Marine, Viking  
  46  4:38  SCV x2, Supply Depot  
  51  4:44  Barracks  
  51  4:49  Siege Tank  
  54  4:59  Marine, SCV x2  
  57  5:00  Refinery  
  57  5:02  Supply Depot  
  57  5:12  Viking  
  59  5:16  SCV x2  
  59  5:18  Marine  
  62  5:27  Siege Tank  
  62  5:28  SCV x2  
  67  5:32  Barracks Tech Lab  
  67  5:35  Barracks  
  67  5:40  SCV x2  
  69  5:52  SCV  
  69  5:58  SCV  
  69  6:01  Stimpack  
  70  6:10  Supply Depot  
  70  6:11  Barracks Reactor, Refinery  
  70  6:12  Supply Depot  
  70  6:13  Command Center  
  70  6:19  Starport Reactor  
  70  6:23  Supply Depot  
  70  6:32  SCV x2, Engineering Bay  
  72  6:33  Siege Tank  
  72  6:35  Engineering Bay  
  75  6:44  SCV x2  
  75  6:46  Barracks Reactor  
  77  6:49  Marine x3  
  80  6:56  SCV x2  
  86  7:04  Terran Infantry Weapons Level 1  
  86  7:05  Terran Infantry Armor Level 1  
  86  7:07  Marine  
  87  7:08  SCV x2  
  87  7:09  Marine x2, Supply Depot  
  87  7:15  Viking x2  
  87  7:20  SCV x2  
  93  7:31  Orbital Command  
  93  7:32  SCV  
  93  7:33  Supply Depot  
  93  7:37  Marine x5, Supply Depot  
  94  7:40  Siege Tank  
  102  7:45  SCV x2  
  102  7:48  Medivac x2, Supply Depot  
  102  7:50  Supply Depot  
  108  7:54  Marine  
  108  7:55  Marine x3  
  108  7:57  SCV  
  109  8:11  Marine, Combat Shield  
  109  8:12  Marine x3  
  110  8:13  Marine, Siege Tank  
  117  8:28  Marine  
  117  8:30  Marine x4  
  115  8:46  Marine  
  115  8:48  Marine x4  
  111  8:52  Siege Tank, Medivac  
  120  9:03  Orbital Command  
  120  9:04  Marine  
  120  9:05  SCV  
  120  9:06  Marine x4, SCV, Missile Turret  
  127  9:11  Missile Turret  
  127  9:22  Marine  
  127  9:24  Marine x4, Barracks  
  128  9:25  Barracks  
  122  9:40  Marine  
  122  9:41  Marine x2  
  122  9:42  Marine  
  116  9:47  Marine  
  111  10:05  Marine x4  
  92  10:12  SCV x2  
  90  10:22  Marine  
  90  10:23  Marine x2  
  93  10:28  Refinery  
  93  10:29  Refinery  
  93  10:30  Command Center  
  93  10:32  Barracks  
  93  10:33  Barracks  
  93  10:34  Factory Tech Lab, Barracks Tech Lab  
  92  10:40  Marine x2  
  92  10:41  Marine  
  94  10:47  Armory  
  94  10:48  SCV x2  
  94  10:49  SCV  
  97  10:50  Medivac  
  97  10:51  Medivac  
  101  10:58  Marine x3  
  101  11:04  Missile Turret  
  101  11:06  Missile Turret x2  
  101  11:08  Missile Turret  
  101  11:16  Marine x3  
  101  11:17  Siege Tank  
  105  11:20  Barracks Reactor  
  105  11:21  Barracks Reactor  
  103  11:28  SCV x3  
  103  11:31  Sensor Tower  
  103  11:32  Marine  
  103  11:34  Marine, Medivac x2  
  103  11:36  Marine x2  
  111  11:44  SCV x4  
  115  11:49  Siege Tank  
  115  11:50  Marine, Terran Infantry Weapons Level 2, Terran Vehicle Weapons Level 1  
  115  11:51  Terran Infantry Armor Level 2  
  119  11:56  SCV x2  
  119  11:58  Missile Turret  
  119  12:01  SCV x2, Missile Turret  
  123  12:08  SCV  
  124  12:10  Marine  
  124  12:11  Marine x7  
  132  12:19  Sensor Tower  
  132  12:21  Medivac x2  
  136  12:28  Marine x3  
  136  12:29  Marine x5  
  141  12:46  Marine x3  
  141  12:47  Marine x4  
  148  12:54  Marine  
  148  12:55  Supply Depot  
  148  12:58  Supply Depot  
  149  13:04  Marine x7  
  148  13:12  Marine  
  139  13:27  Marine x7  
  139  13:30  Marine  
  139  13:31  Siege Tank  
  148  13:36  Viking x2  
  152  13:45  Marine x7  
  152  13:48  Marine  
  160  13:58  Supply Depot x2  
  160  14:00  Supply Depot  
  160  14:02  Marine  
  160  14:03  Marine x6  
  167  14:16  Viking  
  167  14:17  Viking  
  156  14:29  Marine x2  
  158  14:38  Marine x2  
  128  15:02  Marine  
  128  15:03  Marine x5  
  128  15:04  Marine x2  
  128  15:05  Siege Tank  
  128  15:06  Medivac x2  
  128  15:07  Planetary Fortress  
  137  15:08  SCV x2  
  117  15:15  SCV  
  117  15:20  Marine x4, SCV  
  117  15:21  Marine x2  
  108  15:22  Marine x2  
  108  15:27  SCV x2  
  96  15:38  Marine x6  
  96  15:39  Marine  
  96  15:40  Marine  
  98  15:52  SCV x2  
  98  15:56  Marine x6  
  106  15:57  Marine  
  106  15:58  Marine  
  108  16:14  Marine  
  118  16:25  Factory  
Tags
 
Add a new tag
Caveats
  • Supply blocks, unpowered buildings, or Contaminate may cause inaccurate times.
  • Supply counts are checked every 10 seconds.